 Dungeon Sprint DCSS version 0.23.0-38-g208d714 (webtiles) character file.

Game seed: 8507431130192214112

28 Fang the Skirmisher (level 3, -4/36 HPs)
             Began as a Gargoyle Berserker on Feb 27, 2019.
             Was a Believer of Trog.
             Slain by a water elemental (16 damage)
             ... in the Dungeon (Sprint III: "The Ten Rune Challenge").
             The game lasted 00:00:41 (716 turns).

Fang the Skirmisher (Gargoyle Berserker)             Turns: 716, Time: 00:00:42

Health: -4/36      AC:  5    Str: 26    XL:     3   Next: 14%
Magic:  3/3        EV: 12    Int:  7    God:    Trog [**....]
Gold:   26         SH:  0    Dex:  9    Spells: 2/2 levels left

rFire    . . .     SeeInvis .   a - +0 hand axe
rCold    . . .     Gourm    .   (no shield)
rNeg     + . .     Faith    .   b - +0 animal skin
rPois    ∞         Spirit   .   (no helmet)
rElec    +         Reflect  .   (no cloak)
rCorr    .         Harm     .   (no gloves)
MR       .....     NoTele   +   (no boots)
Stlth    ..........             (no amulet)
HPRegen  0.12/turn              (no ring)
MPRegen  0.08/turn              (no ring)

@: berserking (expiring), engulfed, very quick
A: negative energy resistance 1, electricity resistance, unbreathing,
petrification resistance, rot immunity, AC +3
a: Berserk, Trog's Hand, Renounce Religion


You were in the Dungeon.
You worshipped Trog.
Trog was pleased with you.
You were very hungry.

You visited 1 branch You collected 26 gold pieces.

Inventory:

Hand Weapons
 a - a +0 hand axe (weapon)
Armour
 b - a +0 animal skin (worn)
Scrolls
 i - 2 scrolls of blinking
 j - 2 scrolls of identify {unknown}
 l - a scroll of torment {unknown}
 m - 3 scrolls of remove curse
 o - a scroll of immolation {unknown}
Potions
 d - 2 potions of curing
 e - a potion of heal wounds
 f - a potion of haste
 g - 2 potions of magic
 h - a potion of berserk rage
 k - 5 potions of mutation
 n - a potion of flight {unknown}
Comestibles
 c - 3 rations


   Skills:
 + Level 4.6 Fighting
 + Level 3.8 Axes
 + Level 3.8 Armour
 + Level 2.9 Dodging


You had 2 spell levels left.
You didn't know any spells.
Your spell library was empty.

Dungeon Overview and Level Annotations

Branches:
Dungeon (1/1)

Altars:


Innate Abilities, Weirdness & Mutations

You are resistant to torment.
Your stone body is resilient. (AC +3)
You are immune to poison.
You resist negative energy. (rN+)
You are resistant to electric shocks. (rElec)
You can survive without breathing.
You are immune to petrification.
You are immune to rotting.


Message History

The water elemental hits you.
You closely miss the water elemental.
The water elemental is lightly damaged.
You slash the water elemental!
The water elemental is heavily damaged.
The water elemental hits you!
You are too injured to fight recklessly!
You are too injured to fight recklessly!
You are too injured to fight recklessly!
You are too injured to fight recklessly!
You are too injured to fight recklessly!
You are too injured to fight recklessly!
You are too injured to fight recklessly!
You are too injured to fight recklessly!
You are too injured to fight recklessly!
You are too injured to fight recklessly!
You hit the water elemental.
The water elemental is heavily damaged.
The water elemental hits you!
You die...

▓▓▓▓▓▓▓▓▓ ▓▓▓ .#..'...♣♣
♣.# .#..#....♣♣♣ ♣.#
'####....♣.♣ ♣.#
....#....≈.♣♣♣♣.###+#+##
....#...≈≈♣..♣..#.......
....#..≈≈≈≈♣♣.♣.@E⌠.....
###'#..≈≈≈≈≈≈...#...####
...÷#.≈≈≈≈≈≈....#.⌠.#
....#.≈≈≈≈≈.....#...#
....#.≈≈≈.......#+###
#####...........#
................#
▓▓▓▓▓▓▓▓▓▓▓▓▓▓▓▓▓


You could see a water elemental.

Vanquished Creatures
  A human (D)
  An ooze (D)
  A phantom (D)
  3 rats (D)
6 creatures vanquished.

Vanquished Creatures (others)
  2 draconian scorchers (D)
  6 hellions (D)
  A yaktaur (D)
9 creatures vanquished.

Grand Total: 15 creatures vanquished

Notes
Turn   | Place    | Note
-------+----------+-------------------------------------------
     0 | D        | Fang the Gargoyle Berserker began the quest for the Orb.
     0 | D        | Reached XP level 1. HP: 14/14 MP: 1/1
    59 | D        | Reached ** piety under Trog
    63 | D        | Reached XP level 2. HP: 14/20 MP: 2/2
    86 | D        | Killed a hellion
    94 | D        | Killed a hellion
    96 | D        | Killed a hellion
    98 | D        | Killed a hellion
   137 | D        | Killed a hellion
   143 | D        | Reached skill level 4 in Fighting
   143 | D        | Reached XP level 3. HP: 23/24 MP: 3/3
   146 | D        | Killed a hellion
   156 | D        | Killed a white draconian scorcher
   181 | D        | Killed a white draconian scorcher
   292 | D        | Killed a yaktaur
   710 | D        | Noticed a water elemental
   716 | D        | Slain by a water elemental

Skill      XL: |  1  2 |
---------------+-------+-----
Axes           | 3 |  3.8
Dodging        | 2 |  2.9
Armour         | 3 |  3.8
Fighting       | 4 |  4.6

Action                   || total
-------------------------++-------
Melee: Hand axe          ||    43
Invok: Berserk           ||     2
Armor: Animal skin       ||    12
Dodge: Dodged            ||    23
